cohdb
Replays
Latest Replays
All Replays
Popular Replays
Top Player Replays
Match Explorer
How It Works
Community
CoH3 Stats
Reddit
Sign in to upload your games and track your stats! →
Sign in with Steam
Match 26223075
Match 26223075
Overview
Messages
Build Orders
End
Vickers Machine Gun Team
Selects Air and Sea Battlegroup
Construct Section Command Post
Dingo Light Scout Car
Infantry Section
ML 3-inch Mortar Team
Construct Platoon Command Post
CMP 15cwt Truck
Unlock M3 Stuart Light Tanks
Selects Commando Section Paradrop
Selects M1 Pack Howitzer Paradrop
M3 Stuart Light Tank
M3 Stuart Light Tank
M3 Stuart Light Tank
M3 Stuart Light Tank
chiamang3
YangXYZ
Yisus
this profile name wasn't taken
Crow
Bartolomaeus Bart
Flankenheinz
pioneer monkey kicker
0
0
Comments
sign in to comment!
No comments posted yet!